 Dungeon Crawl Stone Soup version 0.25.1-2-g60ff931df9 (webtiles) character file.

Game seed: 3836152221940913481

128 Morbidden the Insei (level 5, -2/34 HPs)
             Began as an Octopode Transmuter on Aug 8, 2020.
             Slain by an orc
             ... wielding a +0 club
              (7 damage)
             ... on level 3 of the Dungeon.
             The game lasted 00:04:16 (3031 turns).

Morbidden the Insei (Octopode Transmuter)           Turns: 3031, Time: 00:04:17

Health: -2/34      AC:  1    Str:  9    XL:     5   Next: 12%
Magic:  8/9        EV: 14    Int: 16    God:
Gold:   87         SH:  0    Dex: 13    Spells: 4/10 levels left

rFire    . . .     SeeInvis .     - Unarmed
rCold    . . .     Gourm    .   (no shield)
rNeg     . . .     Faith    .   (helmet restricted)
rPois    .         Spirit   .   (no amulet)
rElec    .         Reflect  .   b - ring of stealth
rCorr    .         Harm     .   (no ring)
MR       .....                  (no ring)
Stlth    +++.......             (no ring)
HPRegen  0.11/turn              (no ring)
MPRegen  0.11/turn              (no ring)
                                (no ring)
                                (no ring)

@: lethally poisoned (-2 -> -6), appendage
A: almost no armour, stealthy swim, amphibious, 8 rings, constrict 8, tentacle
spike 3, camouflage 1, gelatinous body 1
a: End Transformation


You were on level 3 of the Dungeon.
You were not hungry.
One of your tentacles had a temporary spike.
You visited 1 branch of the dungeon, and saw 3 of its levels.

You collected 87 gold pieces.

Inventory:

Missiles
 a - 41 arrows
 m - 14 poisoned darts
 p - 27 stones (quivered)
Jewellery
 b - a ring of stealth (left tentacle)
Scrolls
 d - a scroll of blinking {unknown}
 e - 2 scrolls of teleportation {unknown}
 f - 2 scrolls of identify {unknown}
 k - 2 scrolls of remove curse {unknown}
 n - 2 scrolls of fear {unknown}
Potions
 g - a potion of might {unknown}
 h - a potion of resistance {unknown}
 i - a potion of curing {unknown}
 j - a potion of stabbing {unknown}
 l - 4 potions of flight {unknown}
Comestibles
 c - 3 rations
 o - a chunk of flesh


   Skills:
 * Level 1.7 Fighting
 * Level 3.1 Dodging
 + Level 0.7 Stealth
 + Level 3.4 Unarmed Combat
 * Level 3.0 Spellcasting
 * Level 2.5 Transmutations
 * Level 0.9 Poison Magic


You had 4 spell levels left.
You knew the following spells:

 Your Spells              Type           Power        Failure   Level  Hunger
a - Beastly Appendage     Tmut           ##....       7%          1    #......
b - Sticks to Snakes      Tmut           ##......     10%         2    ##.....
c - Spider Form           Tmut/Pois      #.........   28%         3    ###....

Your spell library contained the following spells:

 Spells                   Type           Power        Failure   Level  Hunger
 Ice Form                 Ice/Tmut       #.......     73%         4    #####..
 Blade Hands              Tmut           ##........   88%         5    ######.


Dungeon Overview and Level Annotations

Branches:
Dungeon (3/15)

Altars:


Innate Abilities, Weirdness & Mutations

You cannot wear most types of armour.
You are very stealthy in the water. (Stealth+)
You are amphibious.
You can wear up to eight rings at the same time.
You can use your tentacles to constrict eight enemies at once.
Your skin changes colour to match your surroundings (Stealth+).
Your rubbery body absorbs attacks. (AC +1, EV +1)
One of your tentacles bears a large vicious spike.


Message History

The orc shouts!
You feel sick.
You feel sick.
You are too injured to fight recklessly!
You are too injured to fight recklessly!
You are too injured to fight recklessly!
You are too injured to fight recklessly!
Unknown command.
The orc hits you with a +0 club.
* * * LOW HITPOINT WARNING * * *
You closely miss the orc. You grab the orc.
You pierce the orc.
The orc is heavily wounded.
You constrict the orc, but do no damage.
You feel sick. The orc hits you with a +0 club.
* * * LOW HITPOINT WARNING * * *
You tentacle-slap the orc.
The orc is heavily wounded.
You constrict the orc, but do no damage.
The orc hits you with a +0 club!
You die...

##############
........##...#
#.##...#
#@##<..#
#o##...#
#######.##...#
o?......##..)#
.######.##...#
#.###[## #.#
#.# #.# #.#
#.# #.#


You could see an orc.

Vanquished Creatures
  A worker ant (D:3)
  A gnoll (D:2)
  2 adders (D:2)
  2 oozes (D:1)
  2 worms (D:2)
  A dart slug (D:1)
  8 bats
  3 giant cockroaches
  8 goblins
  4 hobgoblins
  6 jackals (D:2)
  3 frilled lizards
  4 kobolds (D:1)
  5 rats
50 creatures vanquished.

Vanquished Creatures (collateral kills)
  2 gnolls (D:2)
2 creatures vanquished.

Grand Total: 52 creatures vanquished

Notes
Turn   | Place    | Note
-------+----------+-------------------------------------------
     0 | D:1      | Morbidden the Octopode Transmuter began the quest for the
                  | Orb.
     0 | D:1      | Reached XP level 1. HP: 13/13 MP: 3/3
   116 | D:1      | Reached XP level 2. HP: 18/18 MP: 5/5
   763 | D:1      | Reached XP level 3. HP: 23/23 MP: 4/6
  1245 | D:1      | Learned a level 2 spell: Sticks to Snakes
  1249 | D:1      | Learned a level 3 spell: Spider Form
  1788 | D:2      | Reached XP level 4. HP: 16/28 MP: 5/7
  3023 | D:3      | Reached XP level 5. HP: 19/34 MP: 9/9
  3031 | D:3      | Slain by an orc

Illustrated notes

Levels and vault maps discovered:
D:1:      grunt_arrival_crossed_arrows, layout_basic
D:2:      layout_loops_corners
D:3:      wad_lake_hut, layout_rooms, okawaru_trees_1, first_ration

Skill      XL: |  1  2  3  4 |
---------------+-------------+-----
Spellcasting   | 3 |  3.0
Dodging        | 3 |  3.1
Fighting       | |  1.7
Stealth        | |  0.7
Unarmed Combat | |  3.4
Transmutations | |  2.5
Poison Magic   | |  0.9

Action                   |  1- 3 |  4- 6 || total
-------------------------+-------+-------++-------
Melee: Unarmed           |    78 |    38 ||   116
       Tentacles         |    17 |     8 ||    25
       Kick              |    14 |     5 ||    19
       Constrict         |    21 |    13 ||    34
       Punch             |     1 |       ||     1
Throw: Stone             |     1 |     6 ||     7
       Dart              |     2 |    15 ||    17
 Cast: Beastly Appendage |    20 |     8 ||    28
       Sticks to Snakes  |       |     6 ||     6
  Use: Potion            |     1 |       ||     1
 Stab: Sleeping          |     2 |     1 ||     3
  Eat: Chunk             |     3 |     4 ||     7
Armor: Skin              |     8 |     3 ||    11
Dodge: Dodged            |    72 |    47 ||   119
